 Dungeon Crawl Stone Soup version 0.16.1-16-gc44b35d (webtiles) character file.

40 Chiseanne the Magician (level 3, 0/16 HPs)
             Began as a Spriggan Wanderer on Apr 25, 2015.
             Succumbed to an adder's poison
             ... on level 2 of the Dungeon.
             The game lasted 00:04:16 (1609 turns).

Chiseanne the Magician (Spriggan Wanderer)          Turns: 1609, Time: 00:04:17

Health: 0/16       AC: -2    Str:  8    XL:     3   Next: 30%
Magic:  11/11      EV: 17    Int: 13    God:
Gold:   39         SH:  5    Dex: 16    Spells: 3 memorised, 3 levels left

rFire  . . .     SeeInvis +     a - +2 dagger
rCold  . . .     Clarity  .     e - +0 robe
rNeg   . . .     SustAb   .     j - +0 buckler
rPois  .         Gourm    .     (helmet restricted)
rElec  .         Spirit   .     (no cloak)
rCorr  +         Warding  .     (gloves unavailable)
rMut   .         Stasis   .     (boots unavailable)
MR     .....                    i - amulet of resist corrosion
Stlth  +++.......               (no ring)
                                g - -4 ring of protection (curse)

@: lethally poisoned (0 -> -11), very slightly contaminated, hasted, very quick,
not resistant to hostile enchantments, fairly stealthy
A: unfitting armour, see invisible, herbivore 3, speed 3, sense surroundings 1,
slow metabolism 2
a: no special abilities


You were on level 2 of the Dungeon.
You were not hungry.

You visited 1 branch of the dungeon, and saw 2 of its levels.

You collected 39 gold pieces.

Inventory:

Hand weapons
 a - a +2 dagger (weapon)
 l - a cursed -2 dagger
Armour
 e - a +0 robe (worn)
 j - a +0 buckler (worn)
Jewellery
 g - a cursed -4 ring of protection (left hand)
 i - an amulet of resist corrosion (around neck)
Books
 c - Vehumet's Incunabulum of Confrontation and Heat

   Spells                             Type                      Level
   a - Flame Tongue                   Conjuration/Fire             1
   b - Throw Flame                    Conjuration/Fire             2
 d - the Papyrus of the Mountains

   Spells                             Type                      Level
   a - Sandblast                      Earth                        1
   b - Stone Arrow                    Conjuration/Earth            3
Comestibles
 f - 2 bread rations


   Skills:
 - Level 0.7 Short Blades
 - Level 1.1 Throwing
 * Level 2.4 Dodging
 - Level 3.0 Stealth
 - Level 1.0 Unarmed Combat
 * Level 3.6 Spellcasting
 * Level 0.3 Conjurations
   Level 2.4 Hexes
   Level 1.5 Translocations
 - Level 0.8 Fire Magic


You had 3 spell levels left.
You knew the following spells:

 Your Spells              Type           Power        Failure   Level  Hunger
a - Flame Tongue          Conj/Fire      #....        28%         1    #......
b - Throw Flame           Conj/Fire      #.....       41%         2    ##.....
c - Stone Arrow           Conj/Erth      #.....       89%         3    ###....


Dungeon Overview and Level Annotations

Branches:
Dungeon (2/15)

Altars:


Innate Abilities, Weirdness & Mutations

You are tiny and cannot use many weapons and most armour.
You have supernaturally acute eyesight.
You are a herbivore.
You cover ground extremely quickly.
You need consume almost no food.
You passively map a small area around you.


Message History

You bump into the rock wall.
The adder bites you.
You barely miss the adder.
The adder is moderately wounded.
You feel less invigorated.
You feel less confused.
You feel sick. The adder bites you.
You hit the adder.
The adder is heavily wounded.
The adder bites you.
* * * LOW HITPOINT WARNING * * *
You closely miss the adder.
The adder is heavily wounded.
* * * LOW HITPOINT WARNING * * *
You feel sick.
You barely miss the adder.
The adder is heavily wounded.
The adder closely misses you.
You barely miss the adder.
The adder is heavily wounded.
You die...

> . , .......# * ,.) . ,
........# * #.
#............# * ..
+>...........# * #.
#)...........#
#.##............# ,
..#............#######.#
#####.#....................#
#.....#.#######@#.#.########
##.......#######S#.#.#
....[............#.#.#
##......#.########.#.#
######...# #.#.# ##..# #.#.#
#..########...#
##.##......#### #..#.####.#


You could see an adder.

Vanquished Creatures
  A gnoll (D:1)
  A giant mite (D:1)
  A ball python (D:2)
  5 hobgoblins
  3 kobolds (D:1)
  3 bats
  A giant cockroach (D:1)
  A giant newt (D:1)
  5 goblins (D:1)
  4 rats (D:1)
25 creatures vanquished.

Notes
Turn   | Place    | Note
--------------------------------------------------------------
     0 | D:1      | Chiseanne, the Spriggan Wanderer, began the quest for the Orb.
     0 | D:1      | Chiseanne set off with: a +2 dagger, a potion of haste, Vehumet's Incunabulum of Confrontation and Heat, the Papyrus of the Mountains, a +0 robe, a bread ration
     0 | D:1      | Reached XP level 1. HP: 9/9 MP: 4/4
     2 | D:1      | Identified Vehumet's Incunabulum of Confrontation and Heat
     2 | D:1      | Identified the Papyrus of the Mountains
     4 | D:1      | Learned a level 1 spell: Flame Tongue
   256 | D:1      | Reached XP level 2. HP: 13/13 MP: 0/8
   328 | D:1      | Learned a level 2 spell: Throw Flame
   857 | D:1      | Reached XP level 3. HP: 16/16 MP: 11/11
   862 | D:1      | Learned a level 3 spell: Stone Arrow
  1599 | D:2      | Gained mutation: You passively map a small area around you. [potion of beneficial mutation]
  1609 | D:2      | Succumbed to an adder's poison

Action                   || total
-------------------------++-------
Melee: Dagger            ||    58
 Cast: Flame Tongue      ||    23
  Use: Scroll            ||     3
       Potion            ||     3
 Stab: Sleeping          ||     2
